 Dungeon Crawl Stone Soup version 0.30-a0-359-gd0147acb1a (webtiles) character file.

Game seed: 5535437955782801568

3759 pokeman the Thaumaturge (level 9, 0/50 (52) HPs)
             Began as a Deep Elf Hedge Wizard on Nov 12, 2022.
             Was a Believer of Vehumet.
             Slain by a wight
             ... wielding a +4 scimitar of freezing
              (1 damage)
             ... on level 8 of the Dungeon.
             The game lasted 00:17:46 (8574 turns).

pokeman the Thaumaturge (Deep Elf Hedge Wizard)     Turns: 8574, Time: 00:17:47

HP:   0/50 (52)     AC:  7    Str: 13    XL:     9   Next: 94%
MP:   25/27         EV: 12    Int: 24    God:    Vehumet [**....]
Gold: 394           SH:  0    Dex: 14    Spells: 25/33 levels left

rFire   . . .      SeeInvis .    C - +7 spear of Lilisch {speed, *Corrode rC++}
rCold   + + .      Faith    .    (no shield)
rNeg    . . .      Spirit   .    y - +0 leather armour
rPois   .          Reflect  .    q - +1 helmet "Muluxzi" {Harm Will+ Slay+6}
rElec   .          Harm     +    w - +0 cloak
rCorr   .          Rampage  .    s - +0 pair of gloves
Will    +....                    (no boots)
Stlth   ++........               D - amulet of magic regeneration
HPRegen 0.28/turn                A - +6 ring of strength
MPRegen 0.60/turn                l - ring of wizardry

@: on blink cooldown, lightly drained
A: no striking features
a: Renounce Religion


You were on level 8 of the Dungeon.
You worshipped Vehumet.
Vehumet was pleased with you.
You visited 2 branches of the dungeon, and saw 9 of its levels.
You also visited: Ossuary.

You collected 394 gold pieces.

Inventory:

Hand Weapons
 k - a +2 dagger of venom
 C - the +7 spear of Lilisch (weapon) {speed, *Corrode rC++}
   (You found it on level 6 of the Dungeon)

   Attacks with this weapon are significantly faster.
   rC:        It greatly protects you from cold.
   *Corrode:  It may corrode you when you take damage.
Missiles
 I - a throwing net
Armour
 q - the +1 helmet "Muluxzi" (worn) {Harm Will+ Slay+6}
   (You found it on level 2 of the Dungeon)

   Slay:      It affects your accuracy & damage with ranged weapons and melee
   (+6).
   Harm:      It increases damage dealt and taken.
   Will:      It increases your willpower.
 s - a +0 pair of gloves (worn)
 w - a +0 cloak (worn)
 y - a +0 leather armour (worn)
Magical Staves
 f - a staff of poison
 r - a staff of death
Jewellery
 a - a +4 ring of evasion
 l - a ring of wizardry (right hand)
 A - a +6 ring of strength (left hand)
 D - an amulet of magic regeneration (around neck)
 H - a +4 ring of protection
Wands
 o - a wand of flame (7)
 u - a wand of quicksilver (7)
 G - a wand of mindburst (15)
Scrolls
 e - 2 scrolls of teleportation {unknown}
 i - 4 scrolls of identify {unknown}
 m - a scroll of torment {unknown}
 n - 4 scrolls of immolation
 p - 10 scrolls of noise
 B - a scroll of amnesia {unknown}
 E - a scroll of blinking {unknown}
 F - a scroll of fog {unknown}
 J - a scroll of magic mapping {unknown}
 K - 2 scrolls of fear {unknown}
 L - a scroll of summoning {unknown}
 M - a scroll of vulnerability {unknown}
Potions
 b - 2 potions of haste {unknown}
 c - 7 potions of degeneration
 d - 5 potions of magic
 g - a potion of lignification {unknown}
 h - 4 potions of brilliance {unknown}
 j - 4 potions of heal wounds {unknown}
 t - 3 potions of curing
 v - 2 potions of mutation {unknown}
 x - 2 potions of flight {unknown}
 z - 4 potions of might {unknown}
 N - a potion of invisibility {unknown}
 O - a potion of resistance {unknown}
 P - a potion of ambrosia {unknown}


   Skills:
 + Level 3.6 Fighting
 - Level 3.0 Armour
 - Level 3.0 Dodging
 - Level 3.0 Stealth
 * Level 12.5 Spellcasting
 + Level 7.0 Conjurations
 - Level 1.1 Summonings
 + Level 6.7 Necromancy
 - Level 1.1 Translocations
 - Level 1.0 Air Magic
 - Level 1.0 Poison Magic
 - Level 1.1 Evocations


You had 25 spell levels left.
You knew the following spells:

 Your Spells              Type           Power      Damage    Failure   Level
a - Magic Dart            Conj           100%       1d8       1%          1
b - Mephitic Cloud        Conj/Pois/Air  29%        N/A       1%          3
c - Call Imp              Summ           20%        N/A       1%          2
d - Blink                 Tloc           40%        N/A       1%          2

Your spell library contained the following spells:

 Spells                   Type           Power      Damage    Failure   Level
 Shock                    Conj/Air       100%       1d9       1%          1
 Summon Small Mammal      Summ           80%        N/A       1%          1
 Cigotuvi's Dreadful Rot  Necr/Pois/Air  58%        N/A       1%          2
 Slow                     Hex            60%        N/A       2%          1
 Call Canine Familiar     Summ           20%        N/A       4%          3
 Gell's Gravitas          Tloc           20%        N/A       4%          3
 Summon Guardian Golem    Hex/Summ       17%        N/A       4%          3
 Teleport Other           Tloc           20%        N/A       4%          3
 Dispersal                Tloc           10%        N/A       87%         6


Dungeon Overview and Level Annotations

Branches:
Dungeon (8/15)             Temple (1/1) D:6         Ossuary (visited)
   Lair: D:8-11

Altars:
Elyvilon
Fedhas
Hepliaklqana
Makhleb
Nemelex Xobeh
Okawaru
Sif Muna
Trog
Vehumet
Yredelemnul
Zin

Annotations:
D:6 2 transporters, sirJeffrey23's ghost, novice FoFi


Message History

The killer bee stings the wight but does no damage.
Your iron imp hits the killer bee.
The yak gores you but does no damage. Something closely misses your iron imp.
The yak closely misses the wight.
Unknown command.
Reach: C) +7 spear of Lilisch {speed, *Corrode rC++}
Press: ? - help, Dir - move target, f - wight
Aim: a wight, wielding a +4 scimitar of freezing and wearing a +0 robe (about 27% to evade the +7 spear of Lilisch)
You reach to attack!
You hit the wight.
The wight is lightly damaged.
The yak seems less confused. x2; The killer bee stings the yak.
The yak is poisoned.
The killer bee poisons the yak!
The killer bee closely misses your iron imp.
Something hits your iron imp. The yak closely misses you.
The yak barely misses you.
Unknown command.
Reach: C) +7 spear of Lilisch {speed, *Corrode rC++}
Press: ? - help, Dir - move target, f/p - wight
Aim: a wight, wielding a +4 scimitar of freezing and wearing a +0 robe (lightly damaged, about 27% to evade the +7 spear of Lilisch)
You reach to attack!
You hit the wight.
The wight is heavily damaged.
The killer bee stings the yak.
The yak looks as sick as possible!
The killer bee poisons the yak!
Your iron imp barely misses the killer bee.
Unknown command.
Casting: Call Imp (safe; 1% risk of failure)
Confirm with . or Enter, or press ? or * to list all spells.
You blink.
A wight comes into view. It is wielding a +0 short sword.
The killer bee barely misses you.
The killer bee stings the wight.
The killer bee closely misses itself.
Something hits your iron imp.
The wight hits you from afar with a +3 spear!
The wight hits you with a +2 long sword!
The killer bee closely misses you.
Your iron imp hits the killer bee.
The wight attacks as you move away!
The wight hits you with a +4 scimitar of freezing!
* * * LOW HITPOINT WARNING * * *
You feel drained.
* * * LOW HITPOINT WARNING * * *
The wight freezes you.
You die...

... ... #. .. ...
#z####+####+#.. #
.............######
.......$....#....#
...........#....# + ...
...zz##ยง## ###
##+###+##z..yY.#
+...#.......#@z5)Y.#
...#.......'.y.oz.#
#####..##..##..#...Yz.#
...##..##..#######....z..
.................#.........
.................#.........
.................#.........
.................#.........
.[#######..##...<#.........


You could see 3 yaks, 2 killer bees, 7 wights, an orc and a friendly iron imp
(summoned).

Vanquished Creatures
  Pikel (D:7)
  2 yaks (D:8)
  Menkaure (D:7)
  Duvessa (D:7)
  3 black bears
  2 ogres
  A lemure (D:7)
  A phantom (D:6)
  3 bullfrogs
  A gnoll sergeant (D:7)
  A kobold brigand (D:7)
  6 necrophages
  A scorpion (D:6)
  2 wights
  Dowan (D:7)
  A killer bee (D:8)
  5 howler monkeys
  A centaur zombie (Ossuary)
  A bullfrog zombie (D:6)
  4 jellies
  5 hounds
  2 human zombies
  An orc priest (D:5)
  4 iguanas (D:5)
  3 orc wizards
  Ijyb (D:3)
  A killer bee zombie (D:6)
  6 mummies
  10 gnolls
  6 adders
  A shadow imp (D:7)
  An ufetubus (D:6)
  2 worms
  4 dart slugs
  12 orcs
  5 bats
  8 endoplasms
  4 giant cockroaches
  5 goblins
  7 hobgoblins
  3 jackals (D:1)
  11 kobolds
  4 quokkas
  8 ball pythons
  A frilled lizard (D:2)
  2 goblin zombies (Ossuary)
  2 hobgoblin zombies (Ossuary)
  A kobold zombie (Ossuary)
  An orc zombie (Ossuary)
  6 rats
166 creatures vanquished.

Vanquished Creatures (collateral kills)
  2 necrophages (D:6)
  The ghost of Grindom the Conjurer, a weakling MeRe of Yredelemnul (D:3)
  An orc (D:3)
4 creatures vanquished.

Grand Total: 170 creatures vanquished

Notes
Turn   | Place    | Note
-------+----------+-------------------------------------------
     0 | D:1      | pokeman the Deep Elf Hedge Wizard began the quest for the
                  | Orb.
     0 | D:1      | Reached XP level 1. HP: 10/10 MP: 7/7
   349 | D:1      | Reached XP level 2. HP: 12/15 MP: 3/9
  1112 | D:1      | Reached skill level 5 in Spellcasting
  1296 | D:1      | Reached XP level 3. HP: 20/20 MP: 4/11
  1300 | D:1      | Learned a level 3 spell: Mephitic Cloud
  1303 | D:1      | Learned a level 2 spell: Call Imp
  1306 | D:1      | Learned a level 2 spell: Blink
  1728 | D:2      | Reached skill level 1 in Fighting
  1728 | D:2      | Reached skill level 1 in Armour
  1958 | D:2      | Found a burning altar of Makhleb.
  2077 | D:2      | You fall into a shaft and drop 1 floor!
  2185 | D:3      | Found a runed translucent gate.
  2186 | D:3      | Found a runed translucent gate.
  2186 | D:3      | Noticed Grindom's ghost (weakling MeRe)
  2215 | D:3      | Found a runed translucent gate.
  2233 | D:3      | Reached XP level 4. HP: 16/25 MP: 10/13
  2536 | D:2      | Identified the +1 helmet "Muluxzi" {Harm Will+ Slay+6}
  3052 | D:3      | Reached skill level 6 in Spellcasting
  3299 | D:3      | Reached XP level 5. HP: 29/29 MP: 10/15
  3579 | D:3      | Noticed Ijyb
  3592 | D:3      | Killed Ijyb
  4061 | D:3      | Killed Grindom's ghost
  4170 | D:4      | Reached skill level 1 in Necromancy
  4170 | D:4      | Reached skill level 1 in Evocations
  4170 | D:4      | Noticed an ogre
  4293 | D:4      | Killed an ogre
  4294 | D:4      | Reached skill level 7 in Spellcasting
  4294 | D:4      | Reached XP level 6. HP: 34/34 MP: 2/18
  4302 | D:4      | Reached skill level 1 in Poison Magic
  4671 | D:4      | Reached skill level 1 in Air Magic
  4937 | D:5      | Entered Level 5 of the Dungeon
  5385 | D:5      | Reached XP level 7. HP: 38/38 MP: 12/20
  5682 | D:5      | Reached skill level 8 in Spellcasting
  5862 | D:6      | Found a transporter.
  6018 | D:6      | Found a staircase to the Ecumenical Temple.
  6030 | Temple   | Entered the Ecumenical Temple
  6042 | Temple   | Became a worshipper of Vehumet
  6167 | D:6      | Reached XP level 8. HP: 44/44 MP: 3/22
  6301 | D:6      | Identified the +7 spear of Lilisch {speed, *Corrode rC++}
  6325 | D:6      | Reached skill level 9 in Spellcasting
  6410 | D:6      | Noticed sirJeffrey23's ghost (novice FoFi)
  6717 | D:6      | Reached skill level 5 in Conjurations
  6852 | D:6      | Reached skill level 10 in Spellcasting
  6915 | D:6      | Found a basalt altar of Yredelemnul.
  6980 | D:6      | Found a transporter.
  6980 | D:6      | Identified the +6 great mace "Eviscerator" {vorpal, Int-4
                  | Dex+5}
  6980 | D:6      | Noticed a two-headed ogre
  7040 | D:6      | Reached * piety under Vehumet
  7040 | D:6      | Offered knowledge of Kiss of Death by Vehumet.
  7161 | D:7      | Noticed Dowan
  7162 | D:7      | Noticed Duvessa
  7169 | D:7      | Reached skill level 5 in Necromancy
  7175 | D:7      | Killed Dowan
  7176 | D:7      | Reached XP level 9. HP: 48/48 MP: 12/25
  7182 | D:7      | Killed Duvessa
  7197 | D:7      | Reached skill level 11 in Spellcasting
  7527 | D:7      | Noticed Pikel
  7536 | D:7      | Killed Pikel
  7540 | D:7      | Noticed Menkaure
  7549 | D:7      | Killed Menkaure
  7738 | D:7      | Found a blossoming altar of Fedhas.
  7738 | D:7      | Found a bloodstained altar of Trog.
  7738 | D:7      | Found a hazy altar of Hepliaklqana.
  8054 | D:8      | Reached skill level 12 in Spellcasting
  8234 | D:8      | Found a sand-covered staircase.
  8241 | Ossuary  | Entered an ossuary
  8389 | Ossuary  | Offered knowledge of Shock by Vehumet.
  8399 | Ossuary  | Reached ** piety under Vehumet
  8574 | D:8      | HP: 1/50 [wight/+4 scimitar of freezing (3)]
  8574 | D:8      | Slain by a wight

Illustrated notes

Levels and vault maps discovered:
D:1:      dpeg_arrival_rhombus, layout_basic
D:2:      layout_basic, basic_altar, kennysheep_generic_room_15
D:3:      layout_basic, gammafunk_ghost_split, minmay_pentomino_pile, uniq_ijyb
D:4:      layout_cave_pools
D:5:      layout_cave_pods
D:6:      layout_loops_ring, lemuel_mausoleum_altar_yredelemnul,
          minmay_temple_entry_slanted, gammafunk_ghost_smash, grunt_decor_cap
D:7:      layout_cave_pods, gammafunk_temple_overflow_forgotten,
          dk_rats_in_the_wall, uniq_duvessa, uniq_menkaure, uniq_pikel
D:8:      layout_gridville, gammafunk_temple_overflow_claw,
          nicolae_ossuary_entry_giza, lightli_bailey_entry_fortress
Temple:   compressed_dpeg_circular_temple

Skill      XL: |  1  2  3  4  5  6  7  8  9 |
---------------+----------------------------+-----
Spellcasting   | 5 6 7 8 10 12 | 12.5
Fighting       | 1 2 3 |  3.6
Armour         | 1 3 |  3.0
Conjurations   | 2 3 4 5 7 |  7.0
Stealth        | 3 |  3.0
Dodging        | 3 |  3.0
Necromancy     | 1 3 5 6 |  6.7
Evocations     | 1 |  1.1
Poison Magic   | 1 |  1.0
Air Magic      | 1 |  1.0
Summonings     | |  1.1
Translocations | |  1.1

Action                   |  1- 3 |  4- 6 |  7- 9 || total
-------------------------+-------+-------+-------++-------
Melee: Staff             |     7 |       |       ||     7
       Dagger            |     5 |    30 |    18 ||    53
       Spear             |       |       |   116 ||   116
 Cast: Magic Dart        |    94 |   119 |   156 ||   369
       Mephitic Cloud    |     2 |     9 |    17 ||    28
       Blink             |       |     2 |     2 ||     4
       Call Imp          |       |     1 |     2 ||     3
 Stab: Confused          |     1 |     3 |     8 ||    12
       Sleeping          |       |       |     8 ||     8
Armor: Robe              |     3 |       |       ||     3
       Leather armour    |       |       |    22 ||    22
Dodge: Dodged            |    14 |    27 |    60 ||   101

Table legend: (Time is in decaauts)
 A = Elapsed time spent in this place.
 B = Non-inter-level travel time spent in this place.
 C = Inter-level travel time spent in this place.
 D = Time resting spent in this place.
 E = Time spent auto-exploring this place.
 F = Levels seen in this place.
 G = Mean time per level.
                   A        B        C        D        E       F      G
               +--------+--------+--------+--------+--------+-----+--------+
         Total |   8540 |   8149 |    391 |     68 |   6750 |  10 |  854.0 |
       Dungeon |   8291 |   7909 |    382 |     68 |   6717 |   8 | 1036.4 |
        Temple |     22 |     13 |      9 |      0 |      6 |   1 |   22.0 |
       Ossuary |    226 |    226 |      0 |      0 |     27 |   1 |  226.0 |
               +--------+--------+--------+--------+--------+-----+--------+

Top non-repeatable levels by time:
     D:1: 1464 daAuts
     D:3: 1444 daAuts
     D:2: 1348 daAuts
     D:6: 1274 daAuts
     D:7: 941 daAuts
     D:5: 913 daAuts
     D:4: 679 daAuts
 Ossuary: 226 daAuts
     D:8: 225 daAuts
  Temple: 22 daAuts
